Map: Ruins of Seras

Players

capac - Winner!

  • Race: Terran Terran
  • League: Gold

A.I. 1 (Elite)

  • Race: Protoss Protoss

VOD

Have the link to the VOD?

Description

Time

  • Played on: March 20, 2016, 10:58 a.m.
  • Length: 9:45
Show
View Real Time Build Order
Export as new Build Order

capac Terran - Winner!

Build Orders:  

Get SALT Encoding   

  12  0:01  SCV  
  13  0:13  SCV  
  14  0:19  Supply Depot  
  14  0:26  SCV  
  15  0:41  SCV  
  16  0:43  Barracks  
  16  0:46  Refinery  
  16  0:53  SCV  
  17  1:05  SCV  
  18  1:17  SCV  
  19  1:29  SCV  
  20  1:33  Reaper  
  21  1:42  Command Center  
  21  1:44  SCV  
  22  2:00  Orbital Command  
  22  2:06  Barracks Reactor  
  22  2:13  Supply Depot  
  22  2:25  Factory  
  22  2:27  SCV  
  23  2:30  Refinery  
  23  2:44  Marine x2  
  23  2:45  SCV  
  26  2:57  Barracks, SCV  
  27  3:02  Orbital Command  
  27  3:08  Marine  
  27  3:09  Marine  
  29  3:13  Factory Tech Lab  
  29  3:16  SCV  
  30  3:23  Starport  
  30  3:26  Marine x2  
  31  3:29  SCV  
  33  3:39  Siege Tank  
  36  3:46  Marine x2  
  38  3:48  Barracks Tech Lab  
  38  3:52  Barracks  
  39  3:55  SCV  
  39  3:59  SCV  
  39  4:01  Medivac  
  42  4:12  Engineering Bay  
  42  4:13  SCV  
  42  4:14  SCV  
  42  4:15  Engineering Bay  
  44  4:25  SCV  
  44  4:27  Supply Depot  
  45  4:32  Marine  
  45  4:35  Starport Reactor  
  46  4:47  Refinery  
  46  4:49  Marauder, Marine, Siege Tank, SCV x2  
  46  4:50  Supply Depot  
  54  4:57  Marine  
  55  5:05  SCV x2  
  55  5:06  Marine  
  59  5:09  Barracks Reactor  
  59  5:13  Barracks Reactor  
  58  5:15  Supply Depot  
  58  5:20  SCV x2  
  60  5:22  Marine  
  60  5:27  Stimpack  
  61  5:30  Supply Depot  
  61  5:42  Marine x2  
  65  5:43  Marauder  
  65  5:44  SCV x2  
  65  5:49  Medivac  
  69  5:50  Medivac  
  69  5:56  Supply Depot, SCV  
  72  6:03  Marine x4  
  76  6:08  Marauder  
  78  6:15  Refinery, SCV x2  
  80  6:23  Supply Depot  
  80  6:24  Marine  
  80  6:25  Marine x3  
  84  6:29  SCV x2  
  86  6:36  Marauder  
  86  6:37  Siege Tank  
  91  6:45  Supply Depot  
  91  6:47  Marine x3  
  91  6:48  Marine  
  91  6:53  Medivac x2  
  99  7:03  Command Center  
  99  7:07  Marauder  
  101  7:08  Marine  
  101  7:09  Marine x2  
  101  7:10  Marine  
  101  7:12  Siege Tank  
  108  7:17  Supply Depot  
  108  7:35  Liberator x2  
  108  7:43  Supply Depot, Marine x5  
  113  7:44  Siege Tank  
  122  8:02  Marauder  
  119  8:18  Liberator x2  
  111  8:31  Marine x3  
  111  8:32  Marauder, Marine  
  111  8:33  Siege Tank  
  120  8:37  Supply Depot  
  126  9:06  Marine x3  
  126  9:07  Marine  
  126  9:09  Marauder  
  132  9:17  Barracks  
  132  9:18  Barracks  
  132  9:20  Barracks  
  132  9:21  Barracks  
Show
View Real Time Build Order
Export as new Build Order

A.I. 1 (Elite) Protoss 

Build Orders: 1 Gate Expand, Zealot Archon 

Get SALT Encoding   

  12  0:01  Probe (Chrono Boost)  
  13  0:11  Probe (Chrono Boost)  
  14  0:21  Pylon  
  14  0:22  Probe (Chrono Boost)  
  15  0:40  Probe (Chrono Boost)  
  16  0:50  Probe (Chrono Boost)  
  16  0:51  Gateway  
  17  1:01  Probe (Chrono Boost)  
  19  1:11  Probe (Chrono Boost)  
  19  1:14  Assimilator  
  19  1:17  Pylon  
  19  1:22  Probe (Chrono Boost)  
  20  1:33  Nexus  
  20  1:44  Cybernetics Core  
  21  1:47  Probe (Chrono Boost)  
  21  1:51  Zealot  
  23  2:07  Gateway  
  24  2:09  Probe (Chrono Boost)  
  24  2:17  Pylon  
  24  2:20  Probe (Chrono Boost)  
  25  2:24  Zealot  
  25  2:25  Warp Gate  
  27  2:31  Probe (Chrono Boost)  
  28  2:42  Probe (Chrono Boost), Assimilator  
  29  2:46  Probe (Chrono Boost)  
  29  2:50  Adept  
  30  2:57  Adept  
  32  3:03  Probe (Chrono Boost)  
  35  3:09  Pylon  
  35  3:10  Probe (Chrono Boost)  
  36  3:15  Stalker  
  38  3:22  Probe x2 (Chrono Boost)  
  40  3:33  Probe (Chrono Boost)  
  40  3:34  Probe (Chrono Boost)  
  42  3:39  Robotics Facility  
  42  3:42  Adept  
  42  3:45  Probe (Chrono Boost)  
  42  3:47  Probe (Chrono Boost)  
  46  3:49  Adept  
  49  3:56  Probe (Chrono Boost)  
  49  3:58  Probe (Chrono Boost)  
  50  4:07  Probe (Chrono Boost), Adept  
  54  4:10  Probe (Chrono Boost)  
  54  4:11  Pylon  
  54  4:18  Probe (Chrono Boost)  
  54  4:21  Probe (Chrono Boost)  
  54  4:23  Immortal  
  56  4:27  Stalker  
  62  4:33  Probe (Chrono Boost)  
  62  4:34  Pylon  
  62  4:35  Probe (Chrono Boost)  
  64  4:41  Stalker  
  64  4:44  Probe (Chrono Boost)  
  68  4:46  Probe (Chrono Boost)  
  68  4:49  Robotics Facility  
  68  4:52  Stalker  
  70  4:59  Immortal  
  70  5:03  Probe (Chrono Boost)  
  70  5:04  Probe (Chrono Boost)  
  76  5:08  Pylon  
  76  5:13  Pylon  
  76  5:18  Stalker  
  78  5:24  Assimilator  
  78  5:26  Twilight Council  
  78  5:30  Probe (Chrono Boost)  
  79  5:37  Assimilator  
  79  5:44  Gateway  
  79  5:46  Probe (Chrono Boost)  
  80  5:50  Probe (Chrono Boost), Pylon  
  80  5:56  Probe (Chrono Boost)  
  82  6:01  Probe (Chrono Boost)  
  83  6:07  Probe (Chrono Boost), Zealot  
  83  6:08  Templar Archives  
  86  6:12  Probe (Chrono Boost)  
  86  6:14  Pylon  
  87  6:24  Forge  
  87  6:27  Forge  
  87  6:31  Nexus  
  87  6:33  Sentry  
  87  6:37  Stalker  
  91  6:42  Stalker  
  93  6:52  Pylon  
  93  6:54  Stalker  
  95  6:58  High Templar, Gateway  
  95  7:01  Protoss Ground Weapons Level 1  
  97  7:03  Sentry  
  97  7:05  Protoss Ground Armor Level 1  
  99  7:09  Observer  
  99  7:12  Pylon  
  100  7:18  Zealot  
  102  7:24  Photon Cannon, High Templar  
  104  7:33  Photon Cannon  
  104  7:36  Psionic Storm  
  104  7:38  Photon Cannon, Warp Prism  
  104  7:39  Pylon  
  104  7:42  Archon  
  108  7:45  Probe x2 (Chrono Boost)  
  108  7:46  Probe (Chrono Boost)  
  109  7:55  Assimilator  
  109  7:56  High Templar  
  109  7:57  Probe x3 (Chrono Boost), Pylon  
  109  7:58  Nexus  
  114  8:01  Gateway  
  114  8:04  Assimilator  
  114  8:08  Probe (Chrono Boost), Zealot  
  114  8:09  Probe (Chrono Boost), High Templar  
  114  8:10  Probe (Chrono Boost)  
  111  8:13  Stalker  
  92  8:20  Probe (Chrono Boost)  
  92  8:21  Probe (Chrono Boost)  
  92  8:23  Probe (Chrono Boost)  
  92  8:26  Stalker  
  84  8:27  Stalker  
  84  8:31  Probe (Chrono Boost)  
  65  8:36  High Templar  
  65  8:40  Zealot  
  63  8:41  Probe (Chrono Boost)  
  63  8:48  Adept  
  61  8:52  High Templar  
  63  8:56  Stalker  
  63  8:59  Zealot  
  63  9:00  Probe (Chrono Boost)  
  63  9:06  Zealot  
  63  9:08  Stalker  
  19  9:40  High Templar  
Tags
 
Add a new tag
Caveats
  • Supply blocks, unpowered buildings, or Contaminate may cause inaccurate times.
  • Supply counts are checked every 10 seconds.